 Dungeon Crawl Stone Soup version 0.20.1-1-g8b1a95d (webtiles) character file.

13849 Internecine the Quickloader (level 12, -7/113 HPs)
             Began as a Hill Orc Hunter on Sept 28, 2017.
             Was a High Priest of Okawaru.
             Mangled by an orc knight
             ... wielding a +0 great sword
              (30 damage)
             ... on level 2 of the Orcish Mines.
             The game lasted 02:47:16 (15350 turns).

Internecine the Quickloader (Hill Orc Hunter)      Turns: 15350, Time: 02:47:17

Health: -7/113     AC: 24    Str: 23    XL:     12   Next: 10%
Magic:  7/14       EV: 13    Int:  8    God:    Okawaru [*****.]
Gold:   713        SH: 18    Dex: 17    Spells: 11/11 levels left

rFire    + + .     SeeInvis .   m - +8 whip of the Lair of Beasts {slash, Str+4}
rCold    + . .     Gourm    .   h - +0 shield
rNeg     . . .     Faith    .   g - +4 chain mail {rF+}
rPois    .         Spirit   .   l - +1 hat
rElec    .         Reflect  .   n - +0 cloak
rCorr    .         Harm     +   D - +1 pair of gloves
MR       +....     Clarity  +   z - +0 pair of boots
Stlth    ..........             O - amulet of harm
Regen    0.3/turn               i - +3 ring of dexterity
MPRegen  0.2/turn               U - ring of Levity {rF+ rC+ MR+ Str+2 Int-3}

@: about to teleport, heroism, finesse
A: talons 1, large bone plates 1, clarity, robust 1, shaggy fur 1
a: Heroism, Finesse, Renounce Religion


You were on level 2 of the Orcish Mines.
You worshipped Okawaru.
Okawaru was extremely pleased with you.
You were not hungry.

You visited 2 branches of the dungeon, and saw 14 of its levels.

You collected 1045 gold pieces.
You spent 332 gold pieces at shops.

Inventory:

Hand Weapons
 a - a +3 hand crossbow
 m - the +8 whip of the Lair of Beasts (weapon) {slash, Str+4}
   (You found it on level 7 of the Dungeon)

   It inflicts extra damage upon your enemies.
   It affects your strength (+4).
 E - a +4 dagger of freezing
 K - a +5 trident
 M - a +6 morningstar
Missiles
 d - 67 bolts
 k - 279 stones
 w - 75 sling bullets
 C - 132 arrows
 S - 9 tomahawks (quivered)
Armour
 g - a +4 chain mail of fire resistance (worn)
 h - a +0 shield (worn)
 l - a +1 hat (worn)
 n - a +0 cloak (worn)
 z - a +0 pair of boots (worn)
 D - a +1 pair of gloves (worn)
Jewellery
 i - a +3 ring of dexterity (left hand)
 O - an amulet of harm (around neck)
 U - the ring of Levity (right hand) {rF+ rC+ MR+ Str+2 Int-3}
   (You found it on level 7 of the Dungeon)

   [ring of protection from fire]

   It affects your strength (+2).
   It affects your intelligence (-3).
   It protects you from fire.
   It protects you from cold.
   It affects your resistance to hostile enchantments.
Wands
 j - a wand of digging (13/24)
 s - a wand of iceblast (2/15)
 u - a wand of clouds (1/9)
 T - a wand of lightning (3/15)
Scrolls
 b - 2 scrolls of amnesia
 r - a scroll of remove curse
 t - 4 scrolls of fog
 y - 2 scrolls of summoning {unknown}
 A - 6 scrolls of identify
 Q - 3 scrolls of teleportation
 W - a scroll of fear
 Z - a scroll of brand weapon {unknown}
Potions
 o - 3 potions of agility
 q - 3 potions of flight
 x - a potion of might {unknown}
 B - a potion of invisibility
 I - 2 potions of degeneration {unknown}
 J - a potion of haste
 R - a potion of resistance
 X - a potion of heal wounds
Miscellaneous
 P - a lamp of fire
 V - a phantom mirror
Comestibles
 c - 4 fruits
 f - 8 bread rations
 v - 5 royal jellies
 G - 2 chunks of flesh
 L - 2 meat rations


   Skills:
 + Level 8.8(13.8) Fighting
 + Level 2.6(7.6) Short Blades
 + Level 6.3(11.3) Maces & Flails
 + Level 9.9(14.9) Crossbows
 + Level 3.8(8.8) Throwing
 + Level 8.4(13.4) Armour
 + Level 3.4(8.4) Dodging
 + Level 1.4(6.4) Stealth
 + Level 8.7(13.7) Shields
 + Level 3.5 Invocations
 + Level 2.8 Evocations


You had 11 spell levels left.
You didn't know any spells.

Dungeon Overview and Level Annotations

Branches:
Dungeon (12/15)            Temple (0/1) D:7            Lair (0/6) D:10
    Orc (2/2) D:9
    Elf: Orc:2

Altars:
Elyvilon
Fedhas
Nemelex Xobeh
Okawaru
Sif Muna
Xom
The Shining One

Shops:
D:5 *   D:6 ?(??   Orc:1 }   Orc:2 ?!

Annotations:
D:4 Menkaure


Innate Abilities, Weirdness & Mutations

You have sharp toenails.
You are partially covered in large bone plates. (SH +4)
You possess an exceptional clarity of mind.
You are robust. (+10% HP)
You are covered in fur. (AC +1)


Message History

The orc knight roars a battlecry!
The orc knight goes into a battle-frenzy!
The orc high priest threatens, "By the altar or by the axe, you will meet Beogh!"
An orc sorcerer comes into view. It is wielding a dagger.
You hit the orc knight but do no damage.
The orc knight is lightly wounded.
The orc priest no longer looks unusually strong.
The orc high priest no longer looks unusually strong.
You block the orc warrior's attack.
The orc knight hits you with a great sword!!
You gain the combat prowess of a mighty hero.
The orc high priest no longer looks unusually strong.
The orc priest calls down the wrath of Beogh upon you.
Beogh smites you!
* * * LOW HITPOINT WARNING * * *
You block the orc warrior's attack.
As you read the scroll of teleportation, it crumbles to dust.
You feel strangely unstable.
The orc knight hits you with a great sword!!
You die...

##∩.#[..)[## #:....#.÷##
##∩[#....[## o(
##...#....## #o#
##....#...## #o..
##.)[..[..## #.o.#
##)[###...## #4..#
##))###...###o4.#
##.)###..@#(oo#
##..###.#o#
#####).###..(#
#..###[.###.##
#...###[[####### ## ##
#...###..###..##.## ##.
######...##...#..#....#
#..
##.##.#...............#
###..
#.....................##
#....


You could see an orc knight.

Vanquished Creatures
  A hydra (D:9)
  A two-headed ogre (D:8)
  A soul eater (Orc:2)
  The ghost of ColdZer0 the Fencer, a novice MiGl (D:7)
  An unseen horror (D:9)
  An orc knight (Orc:2)
  A deep elf mage (D:10)
  A rust devil (Orc:2)
  Psyche (D:10)
  The ghost of ColdZer0 the Carver, a novice MiGl (D:5)
  A komodo dragon (D:8)
  A hellwing (Orc:2)
  A troll (D:11)
  A hippogriff (D:7)
  A slime creature (D:10)
  A wyvern (D:9)
  A wraith (D:10)
  A ynoxinul (Orc:2)
  2 hungry ghosts (D:10)
  A chaos spawn (Orc:2)
  Duvessa (D:5)
  2 black bears
  17 orc warriors
  3 phantoms
  5 ice beasts
  2 sky beasts
  4 centaurs
  3 ogres
  4 bullfrogs
  2 big kobolds
  A wyvern zombie (D:6)
  Dowan (D:5)
  3 scorpions
  2 water moccasin skeletons
  A troll zombie (D:9)
  A killer bee (D:10)
  10 wights
  2 howler monkeys
  3 crimson imps
  3 hounds
  2 jellies
  3 centaur skeletons
  21 orc priests
  2 bullfrog skeletons
  Jessica (D:3)
  Ijyb (D:5)
  An iguana (D:10)
  17 orc wizards
  8 worker ants
  7 ogre zombies (D:9)
  A howler monkey zombie (D:6)
  A worker ant zombie (D:8)
  Robin (D:4)
  6 gnolls
  13 adders
  A shadow imp (D:10)
  3 adder skeletons
  2 dart slugs
  2 worms
  7 leopard geckos
  52 orcs
  A ball python (D:4)
  6 giant cockroaches
  11 hobgoblins
  10 jackals
  3 quokkas
  10 bats
  4 frilled lizards
  21 goblins
  A goblin skeleton (D:9)
  A goblin zombie (D:9)
  3 hobgoblin skeletons (D:9)
  3 hobgoblin zombies (D:9)
  18 kobolds
  A leopard gecko skeleton (D:5)
  3 orc skeletons (D:9)
  14 orc zombies (D:9)
  A quokka zombie (D:5)
  6 rats
  2 plants (D:10)
362 creatures vanquished.

Notes
Turn   | Place    | Note
-------+----------+-------------------------------------------
     0 | D:1      | Internecine the Hill Orc Hunter began the quest for the Orb.
     0 | D:1      | Reached XP level 1. HP: 18/18 MP: 1/1
   104 | D:1      | Reached skill level 4 in Crossbows
   104 | D:1      | Reached XP level 2. HP: 21/25 MP: 2/2
   503 | D:1      | Reached XP level 3. HP: 30/30 MP: 3/3
   834 | D:2      | Found a sparkling altar of Nemelex Xobeh.
  1147 | D:2      | Reached XP level 4. HP: 37/37 MP: 4/4
  1178 | D:2      | Reached skill level 5 in Crossbows
  1302 | D:2      | Found an iron altar of Okawaru.
  1313 | D:2      | Became a worshipper of Warmaster Okawaru
  1710 | D:3      | Noticed Jessica
  1717 | D:3      | Killed Jessica
  1717 | D:3      | Reached XP level 5. HP: 38/44 MP: 5/5
  2262 | D:4      | Noticed Robin
  2289 | D:4      | Reached skill level 1 in Armour
  2303 | D:4      | Killed Robin
  2790 | D:3      | Found a shimmering altar of Xom.
  2790 | D:3      | Found a white marble altar of Elyvilon.
  3100 | D:3      | Reached skill level 1 in Short Blades
  3100 | D:3      | Reached XP level 6. HP: 51/51 MP: 6/6
  3974 | D:4      | Reached skill level 6 in Crossbows
  3974 | D:4      | Reached skill level 1 in Stealth
  4039 | D:4      | Reached skill level 1 in Shields
  4040 | D:4      | Reached XP level 7. HP: 14/57 MP: 7/7
  4602 | D:4      | Gained mutation: You are robust. (+10% HP) [potion of mutation]
  4602 | D:4      | Gained mutation: You are somewhat resistant to further mutation. [potion of mutation]
  4603 | D:4      | Reached skill level 1 in Throwing
  4647 | D:5      | Entered Level 5 of the Dungeon
  4829 | D:5      | Noticed Dowan
  4833 | D:5      | Noticed Duvessa
  4853 | D:5      | Found Bushroj Oxod's General Store.
  4854 | D:5      | Noticed ColdZer0's ghost (novice MiGl)
  4859 | D:5      | Noticed Ijyb
  5078 | D:4      | Reached * piety under Okawaru
  5168 | D:4      | Noticed Menkaure
  5296 | D:5      | Reached skill level 1 in Maces & Flails
  5791 | D:5      | Killed ColdZer0's ghost
  5791 | D:5      | Reached skill level 1 in Invocations
  5791 | D:5      | Reached skill level 1 in Evocations
  5791 | D:5      | Reached XP level 8. HP: 36/72 MP: 5/8
  5799 | D:5      | Killed Duvessa
  5859 | D:5      | Killed Dowan
  6156 | D:6      | Lost mutation: You are robust. (+10% HP) [potion of mutation]
  6156 | D:6      | Lost mutation: You are somewhat resistant to further mutation. [potion of mutation]
  6156 | D:6      | Gained mutation: Your system is resistant to poisons. (rPois) [potion of mutation]
  6156 | D:6      | Gained mutation: Your magical capacity is low. (-10% MP) [potion of mutation]
  6156 | D:6      | Gained mutation: Your muscles are strong. (Str +2) [potion of mutation]
  6157 | D:6      | Lost mutation: Your magical capacity is low. (-10% MP) [potion of mutation]
  6157 | D:6      | Lost mutation: Your muscles are strong. (Str +2) [potion of mutation]
  6157 | D:6      | Gained mutation: You are partially covered in large bone plates. (SH +4) [potion of mutation]
  6157 | D:6      | Gained mutation: You have a pair of small horns on your head. [potion of mutation]
  6157 | D:6      | Gained mutation: You possess an exceptional clarity of mind. [potion of mutation]
  6174 | D:6      | Gained mutation: Armour fits poorly on your strangely shaped body. [mutagenic meat]
  6175 | D:6      | Lost mutation: You possess an exceptional clarity of mind. [mutagenic meat]
  6177 | D:6      | Gained mutation: You have sharp toenails. [mutagenic meat]
  6178 | D:6      | Gained mutation: Potions are less effective at restoring your health. [mutagenic meat]
  6179 | D:6      | Gained mutation: You are robust. (+10% HP) [mutagenic meat]
  6380 | D:5      | Bought a potion of curing for 39 gold pieces
  6380 | D:5      | Bought a scroll of teleportation for 39 gold pieces
  6380 | D:5      | Bought a scroll of identify for 26 gold pieces
  6643 | D:5      | Killed Ijyb
  6970 | D:5      | Reached XP level 9. HP: 46/78 MP: 7/10
  7124 | D:6      | Reached skill level 5 in Armour
  7163 | D:6      | Found Bakikeod's Magic Scroll Boutique.
  7208 | D:6      | Bought a scroll of remove curse for 36 gold pieces
  7208 | D:6      | Bought a scroll of teleportation for 36 gold pieces
  7208 | D:6      | Bought a scroll of identify for 24 gold pieces
  7208 | D:6      | Bought a scroll of teleportation for 36 gold pieces
  7208 | D:6      | Bought a scroll of remove curse for 36 gold pieces
  7607 | D:6      | Found a blossoming altar of Fedhas.
  7648 | D:6      | Found Mearphemu's Magic Scroll Boutique.
  7654 | D:6      | Found Fokuug's Magic Scroll Boutique.
  7663 | D:6      | Bought a scroll of remove curse for 30 gold pieces
  7663 | D:6      | Bought a scroll of remove curse for 30 gold pieces
  7736 | D:6      | Found Xyugg's Antique Weapon Boutique.
  7919 | D:7      | Noticed ColdZer0's ghost (novice MiGl)
  7955 | D:7      | Killed ColdZer0's ghost
  7955 | D:7      | Reached ** piety under Okawaru
  7955 | D:7      | Reached skill level 5 in Fighting
  7955 | D:7      | Reached skill level 7 in Crossbows
  7955 | D:7      | Reached skill level 5 in Shields
  8238 | D:7      | Got an encrusted whip
  8401 | D:7      | Reached XP level 10. HP: 77/89 MP: 12/12
  8506 | D:7      | Identified the +8 whip of the Lair of Beasts {slash, Str+4} (You found it on level 7 of the Dungeon)
  8890 | D:7      | Found a staircase to the Ecumenical Temple.
  8964 | D:7      | Got a slimy lapis lazuli ring
  8968 | D:7      | Identified the ring of Levity {rF+ rC+ MR+ Str+2 Int-3} (You found it on level 7 of the Dungeon)
  9445 | D:8      | Found a glowing golden altar of the Shining One.
  9794 | D:8      | Found a deep blue altar of Sif Muna.
  9811 | D:8      | Noticed a two-headed ogre
  9830 | D:8      | Killed a two-headed ogre
  9830 | D:8      | Reached *** piety under Okawaru
  9830 | D:8      | Reached skill level 5 in Maces & Flails
  9830 | D:8      | Reached skill level 8 in Crossbows
 10862 | D:9      | Found a staircase to the Orcish Mines.
 10897 | D:9      | Reached **** piety under Okawaru
 10983 | D:9      | Killed an unseen horror
 10983 | D:9      | Reached XP level 11. HP: 19/100 MP: 10/13
 11746 | D:9      | Noticed a four-headed hydra
 11756 | D:9      | Killed a four-headed hydra
 11756 | D:9      | Reached ***** piety under Okawaru
 11760 | D:9      | Received a gift from Okawaru
 11948 | D:10     | Entered Level 10 of the Dungeon
 12098 | D:12     | Noticed a cyclops
 12544 | D:10     | Reached skill level 9 in Crossbows
 12738 | D:10     | Received a gift from Okawaru
 12774 | D:10     | Noticed Psyche
 12779 | D:10     | Killed Psyche
 12901 | D:10     | Found a staircase to the Lair.
 13317 | D:10     | Noticed a deep elf mage
 13348 | D:10     | Killed a deep elf mage
 13622 | Orc:1    | Entered Level 1 of the Orcish Mines
 13650 | Orc:1    | Found Lyevam's Gadget Shoppe.
 13717 | Orc:2    | Entered Level 2 of the Orcish Mines
 14514 | Orc:2    | Noticed an orc knight
 14525 | Orc:2    | Noticed a soul eater
 14535 | Orc:2    | Killed an orc knight
 14561 | Orc:2    | Killed a soul eater
 14843 | Orc:2    | Found Ucsaegop's Distillery.
 14850 | Orc:2    | Found Zozy's Magic Scroll Emporium.
 14885 | Orc:2    | Reached XP level 12. HP: 74/113 MP: 14/14
 15081 | Orc:2    | Lost mutation: Armour fits poorly on your strangely shaped body. [potion of mutation]
 15081 | Orc:2    | Lost mutation: Potions are less effective at restoring your health. [potion of mutation]
 15081 | Orc:2    | Lost mutation: You have a pair of small horns on your head. [potion of mutation]
 15081 | Orc:2    | Lost mutation: Your system is resistant to poisons. (rPois) [potion of mutation]
 15081 | Orc:2    | Gained mutation: You are covered in fur. (AC +1) [potion of mutation]
 15081 | Orc:2    | Gained mutation: You possess an exceptional clarity of mind. [potion of mutation]
 15334 | Orc:2    | Noticed an orc high priest
 15338 | Orc:2    | Noticed an orc high priest
 15350 | Orc:2    | Mangled by an orc knight

Skill      XL: |  1  2  3  4  5  6  7  8  9 10 11 |
---------------+----------------------------------+-----
Crossbows      | 4 5 6 7 8 9 |  9.9
Armour         | 1 2 3 4 6 7 8 |  8.4
Fighting       | 3 4 5 6 8 |  8.8
Short Blades   | 1 2 |  2.6
Stealth        | 1 |  1.4
Shields        | 1 2 4 5 7 8 |  8.7
Throwing       | 2 3 |  3.8
Dodging        | 2 3 |  3.4
Maces & Flails | 2 4 5 6 |  6.3
Invocations    | 1 2 3 |  3.5
Evocations     | 1 2 |  2.8

Action                   |  1- 3 |  4- 6 |  7- 9 | 10-12 || total
-------------------------+-------+-------+-------+-------++-------
Melee: Dagger            |     8 |    39 |    63 |    14 ||   124
       Whip              |       |    29 |   325 |   261 ||   615
       Kick              |       |       |    54 |       ||    54
       Headbutt          |       |       |    43 |    69 ||   112
       Hand crossbow     |       |       |       |     2 ||     2
 Fire: Hand crossbow     |    69 |   138 |    65 |   401 ||   673
Throw: Stone             |       |     3 |    79 |     3 ||    85
       Tomahawk          |       |     8 |    52 |    18 ||    78
Invok: Heroism           |       |       |    21 |     6 ||    27
       Finesse           |       |       |       |     2 ||     2
Evoke: Wand              |       |     2 |    18 |    11 ||    31
  Use: Scroll            |       |     5 |    12 |    12 ||    29
       Potion            |       |       |    10 |     3 ||    13
  Eat: Chunk             |       |     5 |     8 |    10 ||    23
       Meat ration       |       |     1 |     3 |     1 ||     5
       Fruit             |       |       |       |     7 ||     7
Armor: Leather armour    |     9 |     9 |       |       ||    18
       Robe              |       |     6 |       |       ||     6
       Chain mail        |       |    32 |   192 |   169 ||   393
Dodge: Dodged            |    13 |    42 |    82 |    88 ||   225
Block: Shield            |    13 |    45 |   242 |   318 ||   618
       Other             |       |       |       |     1 ||     1
